AoeStats
← tcesurya

Migration

504870345Analyzed
1v1 RM · 24d ago on Sep 6, 2026· 40m 16s· 2 players
Game mode
Random Map
Map size
132×132
Population
200
Speed
Normal
Resources
Standard
Victory
Conquest
Starting age
Dark Age
Ending age
Imperial Age
RankedLock teamsTeams togetherTeam positionsShared explorationLock speedFull tech treeHidden civsTurbo modeCheats
Victory
Defeat
🇨🇭 Inca · Switzerland
901
+16
🇮🇳 Japanese · India
903
-16
and0608
6:36 Loom
7:07 Loom
12:43 Feudal Age
20:00 Castle Age
19:43 Champi Runner
21:04 Double-Bit Axe
21:00 Horse Collar
22:08 Champi Warrior
29:21 Arson
29:47 Heavy Plow
31:21 Forging
32:28 Scale Mail Armor
32:41 Town Watch
38:00 Imperial Age
37:51 Chain Mail Armor
40:16 Conscription
tcesurya
8:33 Loom
12:27 Feudal Age
14:09 Double-Bit Axe
15:23 Fletching
18:37 Castle Age
20:43 Medium Warships
22:54 Bodkin Arrow
22:30 Man-at-Arms
22:59 Gambesons
23:25 Scale Mail Armor
23:45 Long Swordsman
24:26 Squires
31:43 Arson
32:17 Chain Mail Armor
33:49 Forging
39:50 Elite Skirmisher
Connection lost

Rejoining the realm…

Still unreachable

The connection could not be restored.

Session expired

The server has moved on; the page needs a fresh start.